 Dungeon Crawl Stone Soup version 0.32-a0-779-g362cfcae2a (webtiles) character file.

Game seed: 16096345699589479964

57788 smashvw the Bludgeoner (level 14, -12/121 HPs)
             Began as a Mountain Dwarf Fighter on Mar 19, 2024.
             Was the Champion of Zin.
             Mangled by a warg (16 damage)
             ... led by an orc knight
             ... on level 1 of the Orcish Mines.
             The game lasted 00:49:04 (21018 turns).

smashvw the Bludgeoner (Mountain Dwarf Fighter)    Turns: 21018, Time: 00:49:05

Health: -12/121    AC: 26    Str: 28    XL:     14   Next: 47%
Magic:  21/21      EV:  6    Int: 11    God:    Zin [******]
Gold:   1658       SH: 23    Dex:  9    Spells: 13/13 levels left

rFire   . . .        a - +6 flail "Ampucef" {freeze, rC+}
rCold   + + .        U - +1 tower shield {rC+}
rNeg    . . .        j - +3 plate armour
rPois   .            y - +2 hat
rElec   .            L - scarf {harm}
rCorr   .            M - +2 pair of gloves
SInv    .            (no boots)
Will    +....        Q - amulet of reflection Stlth
                     X - +4 ring of slaying
HPRegen 0.40/turn    x - +6 ring of strength
MPRegen 0.17/turn

%: harm (+30% outgoing, +20% incoming), reflection
@: about to teleport, on recite cooldown
A: runic magic, artefact enchanting
a: Renounce Religion, Recite, Vitalisation, Imprison, Sanctuary, Donate Gold


You were on level 1 of the Orcish Mines.
You worshipped Zin.
Zin was exalted by your worship.
You visited 3 branches of the dungeon, and saw 18 of its levels.
You also visited: Bailey and Ice Cave.

You collected 2364 gold pieces.
You spent 429 gold pieces at shops.
You donated 277 gold pieces to Zin.

Inventory:

Hand Weapons
 a - the +6 flail "Ampucef" (weapon) {freeze, rC+}
   (You found it on level 5 of the Dungeon)

   rC+:       It protects you from cold.
 u - a +2 hammer of protection
 V - a +2 great mace of freezing
Armour
 j - a +3 plate armour (worn)
 y - a +2 hat (worn)
 H - a +2 plate armour of fire resistance
 L - a scarf of harm (worn)
 M - a +2 pair of gloves (worn)
 U - a +1 tower shield of cold resistance (worn)
Jewellery
 c - a +5 ring of evasion
 n - a ring of willpower
 x - a +6 ring of strength (right hand)
 O - a ring of magical power
 Q - an amulet of reflection (around neck)
 X - a +4 ring of slaying (left hand)
Wands
 e - a wand of digging (5)
 o - a wand of charming (10)
 G - a wand of iceblast (7)
 K - a wand of flame (3)
 S - a wand of mindburst (2) (quivered)
Scrolls
 g - 5 scrolls of vulnerability
 h - 3 scrolls of blinking
 l - 2 scrolls of amnesia
 m - 7 scrolls of enchant weapon
 p - 6 scrolls of noise {unknown}
 r - 6 scrolls of immolation
 v - 4 scrolls of revelation
 w - 2 scrolls of brand weapon
 z - 2 scrolls of fear {unknown}
 F - 2 scrolls of enchant armour
 I - 7 scrolls of teleportation
 J - a scroll of butterflies {unknown}
 W - a scroll of silence {unknown}
 Z - a scroll of identify
Potions
 b - 5 potions of brilliance
 d - 3 potions of might
 f - 3 potions of ambrosia {unknown}
 i - 7 potions of curing
 k - 2 potions of mutation
 q - 3 potions of haste
 s - 2 potions of enlightenment {unknown}
 A - a potion of heal wounds
 B - a potion of cancellation {unknown}
 C - 2 potions of resistance {unknown}
 D - a potion of magic
 E - 4 potions of invisibility
 P - 3 potions of lignification {unknown}
 T - 2 potions of degeneration {unknown}
 Y - a potion of berserk rage {unknown}
Miscellaneous
 R - a tin of tremorstones (2/2)


   Skills:
 - Level 10.0 Fighting
 + Level 19.4 Maces & Flails
 + Level 17.6 Armour
 * Level 14.8 Shields
 - Level 10.0 Invocations


You had 13 spell levels left.
You didn't know any spells.
Your spell library contained the following spells:

 Spells                   Type           Power      Damage    Failure   Level
 Shock                    Conj/Air       0%         1d3       75%         1
 Lesser Beckoning         Tloc           0%         N/A       87%         2
 Mercury Vapours          Alch/Air       0%         N/A       87%         2
 Gell's Gravitas          Tloc           0%         N/A       98%         3
 Hailstorm                Conj/Ice       0%         3d5       98%         3
 Inner Flame              Hex/Fire       0%         N/A       98%         3
 Mephitic Cloud           Conj/Alch/Air  0%         N/A       98%         3
 Ozocubu's Armour         Ice            0%         N/A       98%         3
 Swiftness                Air            0%         N/A       98%         3
 Teleport Other           Tloc           0%         N/A       98%         3
 Airstrike                Air            0%         2d(0-16)  100%        4
 Animate Armour           Summ/Erth      0%         N/A       100%        4
 Flame Wave               Conj/Fire      0%         2d4       100%        4
 Sticky Flame             Fire/Alch      0%         2d4       100%        4
 Summon Lightning Spire   Summ/Air       0%         N/A       100%        4
 Freezing Cloud           Conj/Ice/Air   0%         6-21      100%        5
 Lee's Rapid Deconstruct  Erth           0%         3d4*      100%        5
 Permafrost Eruption      Ice/Erth       0%         2x4d2     100%        6
 Sculpt Simulacrum        Ice/Alch       0%         N/A       100%        6


Dungeon Overview and Level Annotations

Branches:
Dungeon (12/15)            Temple (0/1) D:7            Lair (4/5) D:11
 Shoals (0/4) Lair:2        Snake (0/4) Lair:3          Orc (2/2) D:10
    Elf (0/3) Orc:2        Bailey (visited)           IceCv (visited)
  Slime: Lair:4-5

Altars:
Cheibriados
Elyvilon
Fedhas
Gozag
Makhleb
Ru
Sif Muna
Trog
Xom
Yredelemnul
Zin
Beogh

Shops:
D:4 =   D:6 *[*:[   Orc:2 *!((

Annotations:
D:4 1 runed translucent door, Crazy Yiuf
D:9 2 runed translucent doors, Gadrel's ghost, journeyman CoFE
D:12 3 runed translucent doors, exclusion: obsidian statue, Sirjeffry24's ghost, journeyman CoHu


Innate Abilities, Weirdness & Mutations

Your spellcasting is much less encumbered by armour.
You can use scrolls of enchantment on lesser artefacts.


Message History

The orc knight is heavily wounded.
The warg barely misses you. You block the orc warrior's attack.
You block the orc's attack. You block the orc knight's attack.
The orc knight hits you from afar with a +0 glaive!!
* * * LOW HITPOINT WARNING * * *
You block the warg's attack.
Okay, then.
As you read the scroll of teleportation, it crumbles to dust.
You feel strangely unstable. "...protected from uncleanliness in all its forms, and..."
The orc knight is struck blind by the wrath of Zin!
The orc knight shouts!
The orc priest is left stupefied by the wrath of Zin!
The orc is driven mad by the wrath of Zin! x2
The orc knight is limned with silver light.
The orc warrior is left stupefied by the wrath of Zin!
The orc knight is limned with silver light.
The orc is left stupefied by the wrath of Zin!
The orc priest is struck blind by the wrath of Zin!
The orc priest shouts!
You hear a shout!
You block the orc warrior's attack. You block the warg's attack.
You block the orc warrior's attack.
The orc closely misses the warg.
The orc knight hits you but does no damage.
The orc knight hits you with a +0 broad axe!
* * * LOW HITPOINT WARNING * * *
The orc barely misses itself.
You feel much better. "...preserved in their cleanliness for all the days to come."
You finish reciting Ablutions 21:14.
You block the warg's attack. You block the orc warrior's attack.
The orc knight hits you with a +2 great sword of holy wrath!
* * * LOW HITPOINT WARNING * * *
The orc hits the orc warrior with a +0 falchion!
The orc hits the orc knight with a +0 dagger.
You block the orc knight's attack. You block the orc warrior's attack.
The orc hits the orc knight but does no damage.
The orc knight hits you from afar with a +0 glaive!!
* * * LOW HITPOINT WARNING * * *
The warg bites you!
You die...

...... ..##... #
#.............. o
##.........#.... o
#..............# .####
## #..............
....##.#o##....#o.......
.......{..##....o.......
#......#.......ooo.o....
#.$.)..o......ho@ho...o.
##[######...#..oooo.....
#$.. #.##...ooo{.....
#o..oo # #.....o.....#.
#o3oooo##..............
#o4oooo#...##..........
#4.o.o.#... ##.........
########.. .......#..


You could see 4 orc knights, 2 wargs, 6 orc warriors, 2 orc priests and 5 orcs.

Vanquished Creatures
  Jorgrun (Orc:2)
  An orc warlord (Orc:2)
  Azrael (Orc:2)
  3 hydras
  Erolcha (D:12)
  2 ironbound frosthearts (IceCv)
  3 two-headed ogres
  An orc high priest (Orc:1)
  Nergalle (Lair:2)
  8 death yaks
  A skyshark (Lair:3)
  An ugly thing (D:12)
  A deep elf pyromancer (D:8)
  An orc sorcerer (Orc:2)
  A cyclops (D:12)
  5 orc knights
  A manticore (D:12)
  Maurice (D:12)
  5 elephants (Lair:2)
  2 ice statues
  2 black mambas
  A merfolk siren (Lair:2)
  7 kobold blastminers
  2 cane toads
  3 gargoyles
  A kobold demonologist (D:11)
  5 komodo dragons
  2 rime drakes (Lair:4)
  2 ice devils (Lair:4)
  17 polar bears
  3 trolls
  A hornet (D:9)
  Prince Ribbit (D:6)
  A vampire (D:9)
  A wraith (D:12)
  3 wyverns
  46 yaks
  Eustachio (D:4)
  A shadow (D:12)
  3 basilisks
  2 fire elementals (Orc:2)
  2 wargs
  6 vampire mosquitoes (D:12)
  2 nagas (Lair:3)
  4 acid dragons
  16 water moccasins
  2 hell hounds (Orc:2)
  39 orc warriors
  A sky beast (D:7)
  4 black bears
  5 ogres
  28 wolves
  18 centaurs
  2 kobold brigands
  A phantom (D:5)
  6 bullfrogs
  2 gnoll sergeants
  5 scorpions
  A cane toad simulacrum (Lair:4)
  4 wights (D:9)
  43 killer bees
  An elephant simulacrum (Lair:4)
  3 howler monkeys (D:10)
  14 orc priests
  A bombardier beetle (D:5)
  6 hounds
  5 jellies
  5 iguanas
  14 orc wizards
  A polar bear simulacrum (Lair:2)
  A wolf simulacrum (Lair:2)
  12 gnolls
  6 adders
  4 ufetubi
  2 ribbon worms (D:2)
  4 dart slugs
  96 orcs
  5 bats
  6 endoplasms
  2 giant cockroaches
  5 goblins
  8 hobgoblins
  2 jackals (D:2)
  4 quokkas
  6 ball pythons
  3 frilled lizards
  23 kobolds
  5 rats
581 creatures vanquished.

Vanquished Creatures (others)
  A butterfly (D:12)
1 creature vanquished.

Grand Total: 582 creatures vanquished

Notes
Turn   | Place    | Note
-------+----------+-------------------------------------------
     0 | D:1      | smashvw the Mountain Dwarf Fighter began the quest for the
                  | Orb.
     0 | D:1      | Reached XP level 1. HP: 19/19 MP: 1/1
   230 | D:1      | Reached skill level 3 in Maces & Flails
   230 | D:1      | Reached XP level 2. HP: 20/26 MP: 2/2
   889 | D:2      | Reached XP level 3. HP: 27/31 MP: 3/3
  1257 | D:2      | Reached skill level 4 in Maces & Flails
  1590 | D:3      | Reached XP level 4. HP: 14/38 MP: 4/4
  2063 | D:3      | Found a faded altar of an unknown god.
  2137 | D:3      | Found a glowing silver altar of Zin.
  2282 | D:3      | Became a worshipper of Zin the Law-Giver
  2282 | D:3      | Reached * piety under Zin
  2667 | D:4      | Reached skill level 5 in Shields
  2674 | D:4      | Found Maizalyev's Jewellery Boutique.
  2774 | D:4      | Reached skill level 5 in Maces & Flails
  2774 | D:4      | Reached XP level 5. HP: 45/45 MP: 5/5
  2931 | D:4      | Reached skill level 6 in Maces & Flails
  2952 | D:4      | Donated 68 gold pieces to Zin
  3100 | D:4      | Found a runed translucent door.
  3110 | D:4      | Noticed Crazy Yiuf
  3181 | D:4      | Noticed Eustachio
  3244 | D:4      | Killed Eustachio
  3245 | D:4      | Reached skill level 7 in Maces & Flails
  3245 | D:4      | Reached XP level 6. HP: 7/51 MP: 6/6
  3530 | D:5      | Entered Level 5 of the Dungeon
  3635 | D:4      | Reached skill level 8 in Maces & Flails
  3980 | D:5      | Reached XP level 7. HP: 57/57 MP: 7/7
  4096 | D:5      | Reached skill level 9 in Maces & Flails
  4337 | D:5      | Reached skill level 10 in Maces & Flails
  4618 | D:5      | Reached XP level 8. HP: 60/63 MP: 8/8
  4743 | D:5      | Reached skill level 11 in Maces & Flails
  4835 | D:5      | Identified the +3 flail "Ampucef" {freeze, rC+}
  5041 | D:5      | Reached ** piety under Zin
  5548 | D:6      | Identified a scroll of acquirement
  5549 | D:6      | Acquired a manual of Maces & Flails
  5559 | D:6      | Found Efep's Assorted Antiques.
  5605 | D:6      | Noticed Prince Ribbit
  5615 | D:6      | Found Gupoe's Book Emporium.
  5617 | D:6      | Killed Prince Ribbit
  5618 | D:6      | Reached skill level 12 in Maces & Flails
  5635 | D:6      | Found Unnam's Armour Shoppe.
  5681 | D:6      | Reached skill level 13 in Maces & Flails
  5708 | D:6      | Reached skill level 14 in Maces & Flails
  5802 | D:6      | Noticed a brown ugly thing
  5912 | D:6      | Found Qedye's Antique Armour Shoppe.
  6051 | D:6      | Reached *** piety under Zin
  6142 | D:6      | Found Taunuf's General Store.
  6150 | D:6      | Reached skill level 5 in Fighting
  6150 | D:6      | Reached XP level 9. HP: 69/74 MP: 9/9
  6166 | D:6      | Found a bloodstained altar of Trog.
  6423 | D:7      | Found a staircase to the Ecumenical Temple.
  6604 | D:7      | Found a shimmering blue altar of Sif Muna.
  6606 | D:7      | Found a burning altar of Makhleb.
  6678 | D:7      | Found a flagged portal.
  6696 | Bailey   | Entered a bailey
  6821 | Bailey   | Reached **** piety under Zin
  6967 | Bailey   | Noticed an orc knight
  6978 | Bailey   | Reached skill level 10 in Fighting
  6987 | Bailey   | Killed an orc knight
  6988 | Bailey   | Reached XP level 10. HP: 9/93 MP: 10/10
  7247 | Bailey   | Noticed an orc knight
  7261 | Bailey   | Killed an orc knight
  7269 | Bailey   | HP: 3/93 [orc warrior/+0 trident (12)]
  7551 | D:7      | Found a snail-covered altar of Cheibriados.
  7620 | D:7      | Found a shimmering altar of Xom.
  7663 | D:7      | Found a white marble altar of Elyvilon.
  7756 | D:8      | Found a roughly hewn altar of Beogh.
  7797 | D:8      | Reached skill level 1 in Invocations
  8577 | D:8      | Reached ***** piety under Zin
  8606 | D:8      | Noticed a deep elf pyromancer
  8615 | D:8      | Killed a deep elf pyromancer
  8616 | D:8      | Reached skill level 5 in Invocations
  9105 | D:9      | Paralysed by a hornet for 1 turns
  9320 | D:9      | Noticed a gargoyle
  9322 | D:9      | Reached XP level 11. HP: 99/99 MP: 14/16
  9468 | D:9      | Noticed a two-headed ogre
  9477 | D:9      | Killed a two-headed ogre
  9622 | D:9      | Found a large runed translucent door.
  9622 | D:9      | Found a large runed translucent door.
  9623 | D:9      | Noticed Gadrel's ghost (journeyman CoFE)
  9650 | D:9      | Found a basalt altar of Yredelemnul.
  9799 | D:9      | Found a sacrificial altar of Ru.
  9943 | D:9      | Reached skill level 10 in Armour
 10082 | D:10     | Entered Level 10 of the Dungeon
 10131 | D:10     | Found a staircase to the Orcish Mines.
 10359 | D:10     | You fall into a shaft and drop 1 floor!
 10498 | D:10     | Found a blossoming altar of Fedhas.
 11274 | D:11     | Acquired a manual of Armour
 11481 | D:11     | Found a staircase to the Lair.
 11590 | D:11     | Reached skill level 10 in Invocations
 11842 | D:12     | Found a runed translucent gate.
 11843 | D:12     | Found a runed translucent gate.
 11843 | D:12     | Found a runed translucent gate.
 11844 | D:12     | Found an opulent altar of Gozag.
 11845 | D:12     | Noticed Sirjeffry24's ghost (journeyman CoHu)
 11845 | D:12     | Noticed a storm dragon
 11845 | D:12     | Noticed an obsidian statue
 11845 | D:12     | Noticed a deep elf annihilator
 11847 | D:12     | Noticed a catoblepas
 12010 | D:12     | Reached ****** piety under Zin
 12149 | D:12     | Found a white marble altar of Elyvilon.
 12242 | D:12     | Noticed Maurice
 12246 | D:12     | Maurice stole a ring of magical power
 12249 | D:12     | Killed Maurice
 12256 | D:12     | Noticed a two-headed ogre
 12261 | D:12     | Killed a two-headed ogre
 12422 | D:12     | Noticed a purple ugly thing
 12431 | D:12     | Killed a purple ugly thing
 12643 | D:12     | Reached XP level 12. HP: 83/106 MP: 19/19
 12804 | D:12     | Noticed Erolcha
 12821 | D:12     | Killed Erolcha
 12821 | D:12     | Noticed a two-headed ogre
 12832 | D:12     | Killed a two-headed ogre
 12833 | D:12     | Reached skill level 15 in Maces & Flails
 13224 | Lair:1   | Entered Level 1 of the Lair of Beasts
 13877 | Lair:1   | Reached skill level 16 in Maces & Flails
 14943 | Lair:2   | Noticed Nergalle
 14945 | Lair:2   | Reached skill level 10 in Shields
 14960 | Lair:2   | Killed Nergalle
 15309 | Lair:2   | Found a frozen archway.
 15323 | IceCv    | Entered an ice cave
 15330 | IceCv    | Reached skill level 17 in Maces & Flails
 15427 | IceCv    | Reached skill level 15 in Armour
 15625 | IceCv    | Reached XP level 13. HP: 113/113 MP: 20/20
 16085 | IceCv    | Reached skill level 18 in Maces & Flails
 16488 | IceCv    | Got the Elucidation of Hail
 16973 | Lair:2   | Found a staircase to the Shoals.
 17176 | Lair:3   | Found a staircase to the Snake Pit.
 17358 | Lair:3   | Identified the +2 scale mail "Gycred" {rC+}
 18596 | Lair:4   | Reached XP level 14. HP: 114/121 MP: 21/21
 19142 | Orc:1    | Entered Level 1 of the Orcish Mines
 19184 | Orc:1    | Reached skill level 19 in Maces & Flails
 19395 | Orc:2    | Entered Level 2 of the Orcish Mines
 19412 | Orc:2    | Noticed an orc warlord
 19419 | Orc:2    | Noticed Jorgrun
 19442 | Orc:1    | Found a roughly hewn altar of Beogh.
 19697 | Orc:2    | Noticed Azrael
 19706 | Orc:2    | Killed Azrael
 19762 | Orc:2    | Killed Jorgrun
 20034 | Orc:2    | Found a staircase to the Elven Halls.
 20271 | Orc:2    | HP: 4/121 [orc sorcerer/bolt of fire[an orc warlord] (22)]
 20409 | Orc:2    | Killed an orc warlord
 20431 | Orc:2    | Found Muoniuh's Distillery.
 20431 | Orc:2    | Found Woroix's Antique Weapon Emporium.
 20629 | Orc:2    | Found Legeapyd's General Store.
 20631 | Orc:2    | Found Fikuqyim's Weapon Shoppe.
 20636 | Orc:2    | Bought a potion of haste for 130 gold pieces
 20636 | Orc:2    | Bought a potion of heal wounds for 65 gold pieces
 20636 | Orc:2    | Bought a potion of invisibility for 104 gold pieces
 20636 | Orc:2    | Bought a potion of haste for 130 gold pieces
 21018 | Orc:1    | HP: 4/121 [orc knight/+0 glaive (21)]
 21018 | Orc:1    | Mangled by a warg

Illustrated notes

Levels and vault maps discovered:
D:1:      sevenhm_arrival_forest_fort_large_1, layout_loops_ring,
          minmay_misc_feat_diagonals
D:2:      layout_basic, minmay_misc_feat_ornament, minmay_misc_feat_hallway,
          minmay_circle_x
D:3:      layout_basic, zin_scriptorium, hellmonk_ecumenical_altar_arch_garden,
          palyth_stone_intersect
D:4:      layout_basic, serial_shops, nicolae_shop_gaudy_bauble,
          nicolae_figureground_pulse, uniq_crazy_yiuf_cottage, uniq_eustachio
D:5:      layout_layer_cave, chequers_serial_rivers_micro_d, minmay_starry_boxes
D:6:      kennysheep_six_static_rooms, layout_cave_pools, trog_butcher_becter,
          serial_shops, shop, shop, shop, shop, nicolae_shop_crystal,
          serial_column_ruins, column_ruins_hut, column_ruins_hut_ruined,
          column_ruins_open_tiny, column_ruins_corridor_straight,
          column_ruins_open_medium, hangedman_decor_peaks_small,
          lightli_corner_chamber, uniq_prince_ribbit1
D:7:      layout_rooms, marbit_many_paths, grunt_temple_overflow_open,
          temple_green, enter_bailey_2
D:8:      layout_loops_ring, special_room [special_room_orc],
          guppyfry_early_elven_hall
D:9:      hellmonk_ruined_rings, layout_loops_ring, yredelemnul_altar_generic,
          nicolae_ru_sacrificial_ziggurat, ebering_ghost_disaster_area,
          dreamdust_deal_with_the_devil
D:10:     layout_stronghold, fedhas_altar_2, minmay_orc_entry_guard_dogs,
          nicolae_twisty_statue_hallways
D:11:     layout_loops_cross, lair_entry_dummy
D:12:     layout_roguey, ebering_ghost_gozag, nicolae_elyvilon_peaceful_grove,
          uniq_erolcha, uniq_maurice
Lair:1:   wad_woods_minihive, layout_concentric_octagons
Lair:2:   layout_regular_city, mainiacjoe_shoals_entry_four_pools,
          portal_ice_cave_entry_ice_simulacra, uniq_nergalle
Lair:3:   layout_chaotic_city, minmay_snake_entry_guardpost_small
Lair:4:   dreamdust_isle_of_ice, layout_misc_corridors, serial_bayou_shore_b
Orc:1:    layout_caves, special_room [special_room_orc]
Orc:2:    st_orc_rangers, layout_caves, uniq_azrael, uniq_jorgrun

Skill      XL: |  1  2  3  4  5  6  7  8  9 10 11 12 13 14 |
---------------+-------------------------------------------+-----
Maces & Flails | 3 4 5 7 8 10 14 17 18 19 | 19.4
Shields        | 4 5 7 10 13 14 | 14.8
Fighting       | 5 10 | 10.0
Armour         | 4 9 12 15 17 | 17.6
Invocations    | 6 10 | 10.0

Action                     |  1- 3 |  4- 6 |  7- 9 | 10-12 | 13-15 || total
---------------------------+-------+-------+-------+-------+-------++-------
  Melee: Flail             |   131 |    90 |   214 |   777 |   594 ||  1806
         Mace              |       |    80 |   110 |       |       ||   190
 Invoke: Recite            |       |     1 |       |       |     4 ||     5
         Donate Gold       |       |     1 |       |       |       ||     1
         Sanctuary         |       |       |       |       |     1 ||     1
  Evoke: Wand              |       |       |       |     5 |     5 ||    10
         Tin of tremorston |       |       |       |       |     1 ||     1
    Use: Scroll            |       |       |     7 |    10 |     4 ||    21
         Potion            |       |       |     1 |     6 |     4 ||    11
   Stab: Paralysed         |       |       |       |       |     8 ||     8
         Confused          |       |       |       |       |     1 ||     1
         Invisible         |       |       |       |       |     1 ||     1
 Armour: Scale mail        |    67 |       |       |       |       ||    67
         Plate armour      |    61 |   225 |   281 |   653 |   374 ||  1594
  Dodge: Dodged            |    39 |    93 |   112 |   295 |   106 ||   645
  Block: Buckler           |    26 |    54 |    79 |   274 |   136 ||   569
         Reflection        |       |       |       |     1 |   105 ||   106
         Tower shield      |       |       |       |       |   507 ||   507

Table legend: (Time is in decaauts)
 A = Elapsed time spent in this place.
 B = Non-inter-level travel time spent in this place.
 C = Inter-level travel time spent in this place.
 D = Time resting spent in this place.
 E = Time spent auto-exploring this place.
 F = Levels seen in this place.
 G = Mean time per level.
                   A        B        C        D        E       F      G
               +--------+--------+--------+--------+--------+-----+--------+
         Total |  20674 |  19895 |    779 |    966 |  15614 |  20 | 1033.7 |
       Dungeon |  12364 |  11869 |    495 |    100 |  10009 |  12 | 1030.3 |
          Lair |   4423 |   4215 |    208 |    317 |   3228 |   4 | 1105.8 |
  Orcish Mines |   1837 |   1761 |     76 |    308 |   1029 |   2 |  918.5 |
        Bailey |    754 |    754 |      0 |    241 |    411 |   1 |  754.0 |
      Ice Cave |   1294 |   1294 |      0 |      0 |    934 |   1 | 1294.0 |
               +--------+--------+--------+--------+--------+-----+--------+

Top non-repeatable levels by time:
     D:5: 1846 daAuts
  Lair:1: 1536 daAuts
    D:12: 1352 daAuts
   Orc:2: 1302 daAuts
   IceCv: 1294 daAuts
  Lair:4: 1260 daAuts
     D:9: 1206 daAuts
     D:4: 1029 daAuts
     D:8: 1002 daAuts
    D:10: 970 daAuts
     D:3: 960 daAuts
  Lair:2: 958 daAuts
     D:6: 905 daAuts
     D:1: 836 daAuts
    D:11: 818 daAuts
